 Dungeon Crawl Stone Soup version 0.22.1-2-g9c5b331383 (webtiles) character file.

111 Jerry the Shield-Bearer (level 5, 0/36 HPs)
             Began as a Halfling Fighter on Nov 28, 2018.
             Killed by divine providence
             ... invoked by an orc priest
              (12 damage)
             ... on level 3 of the Dungeon.
             The game lasted 00:04:29 (2287 turns).

Jerry the Shield-Bearer (Halfling Fighter)          Turns: 2287, Time: 00:04:30

Health: 0/36       AC:  9    Str: 18    XL:     5   Next: 15%
Magic:  5/5        EV: 12    Int:  6    God:
Gold:   96         SH:  6    Dex: 14    Spells: 4/4 levels left

rFire    . . .     SeeInvis .   a - +0 long sword
rCold    . . .     Gourm    +   m - +0 buckler
rNeg     . . .     Faith    .   b - +0 scale mail
rPois    .         Spirit   .   u - +0 helmet (curse)
rElec    .         Reflect  .   (no cloak)
rCorr    .         Harm     .   (no gloves)
MR       .....                  t - +0 pair of boots
Stlth    ..........             k - amulet of the gourmand
HPRegen  0.12/turn              (no ring)
MPRegen  0.09/turn              (no ring)

@: no status effects
A: small, mutation resistance 1
a: no special abilities


You were on level 3 of the Dungeon.
You were not hungry.

You visited 1 branch of the dungeon, and saw 3 of its levels.

You collected 96 gold pieces.

Inventory:

Hand Weapons
 a - a +0 long sword (weapon)
 i - a +3 dagger
Armour
 b - a +0 scale mail (worn)
 m - a +0 buckler (worn)
 t - a +0 pair of boots (worn)
 u - a cursed +0 helmet (worn)
Jewellery
 h - an uncursed amulet of guardian spirit
 k - an amulet of the gourmand (around neck)
Scrolls
 c - a scroll of remove curse {unknown}
 g - a scroll of identify
 j - 2 scrolls of random uselessness {unknown}
 l - 3 scrolls of blinking {unknown}
 o - a scroll of magic mapping {unknown}
 r - 2 scrolls of fear {unknown}
 s - a scroll of noise {unknown}
Potions
 d - a potion of might
 e - 4 potions of curing {unknown}
 p - a potion of ambrosia {unknown}
 q - 3 potions of haste {unknown}
Comestibles
 f - 5 rations
 n - a chunk of flesh


   Skills:
 + Level 3.2 Fighting
 + Level 2.8 Long Blades
 + Level 3.9 Armour
 + Level 1.9 Dodging
 - Level 4.0 Shields


You had 4 spell levels left.
You didn't know any spells.
Your spell library was empty.

Dungeon Overview and Level Annotations

Branches:
Dungeon (3/15)

Altars:
Cheibriados


Innate Abilities, Weirdness & Mutations

You are small and have problems with some larger weapons.
You are somewhat resistant to further mutation.


Message History

The orc priest shouts!
The orc shouts!
There is a stone staircase leading up here.
A bat comes into view.
An orc comes into view. It is wielding a hand axe of flaming.
You closely miss the bat. The bat hits you but does no damage.
The orc priest invokes the aid of Beogh against you.
Pain shoots through your body!
You hit the bat but do no damage. The bat barely misses you.
The bat hits you but does no damage.
The orc priest calls down the wrath of Beogh upon you.
Beogh smites you!
You barely miss the bat. The bat misses you. You block the bat's attack.
You closely miss the bat. The bat misses you.
The orc priest mumbles some strange prayers to Beogh against you.
Pain shoots through your body! The bat hits you but does no damage.
The orc priest invokes the aid of Beogh against you.
Beogh smites you!
You die...

... #.#
... #.#
... #.#
#b####...
#@ooo.o..
#########


You could see an orc priest, 3 orcs and a bat.

Vanquished Creatures
  Robin (D:2)
  2 adders (D:2)
  An ooze (D:2)
  2 dart slugs
  2 leopard geckos
  A giant cockroach (D:2)
  16 goblins (D:2)
  9 hobgoblins
  8 jackals
  A quokka (D:2)
  8 bats
  2 frilled lizards (D:2)
  4 kobolds
  5 rats
62 creatures vanquished.

Notes
Turn   | Place    | Note
-------+----------+-------------------------------------------
     0 | D:1      | Jerry the Halfling Fighter began the quest for the Orb.
     0 | D:1      | Reached XP level 1. HP: 15/15 MP: 1/1
   141 | D:1      | Reached XP level 2. HP: 9/20 MP: 2/2
   379 | D:1      | Reached skill level 1 in Dodging
   633 | D:1      | Reached XP level 3. HP: 25/25 MP: 3/3
  1434 | D:2      | Reached XP level 4. HP: 31/31 MP: 4/4
  1527 | D:2      | Noticed Robin
  1541 | D:2      | Killed Robin
  1790 | D:2      | Reached XP level 5. HP: 36/36 MP: 5/5
  1853 | D:2      | Found a snail-covered altar of Cheibriados.
  2056 | D:2      | Reached skill level 4 in Shields
  2287 | D:3      | Killed from afar by an orc priest

Skill      XL: |  1  2  3  4  5 |
---------------+----------------+-----
Dodging        | 1 |  1.9
Fighting       | 3 |  3.2
Shields        | 4 |  4.0
Long Blades    | |  2.8
Armour         | |  3.9

Action                   |  1- 3 |  4- 6 || total
-------------------------+-------+-------++-------
Melee: Long sword        |   115 |   106 ||   221
  Use: Scroll            |       |     2 ||     2
  Eat: Chunk             |     2 |     3 ||     5
Armor: Scale mail        |    53 |    38 ||    91
Dodge: Dodged            |    60 |    64 ||   124
Block: Buckler           |    20 |    27 ||    47
       Rpst.: Long sword |    20 |    13 ||    33
